 Dungeon Crawl Stone Soup version 0.13-a0-2979-gb6a86b3 (webtiles) character file.

290 PolkaDot the Ruinous (level 4, -1/28 (30) HPs)
             Began as a Vampire Conjurer on Sept 7, 2013.
             Slain by Grinder (10 damage)
             ... on Level 3 of the Dungeon.
             The game lasted 00:11:27 (2828 turns).

PolkaDot the Ruinous (Vampire Conjurer)             Turns: 2828, Time: 00:11:27

HP  -1/28 (30)   AC  2     Str  8      XL: 4   Next: 68%
MP   1/9         EV 12     Int 18      God:
Gold 175         SH  0     Dex 14      Spells:  2 memorised,  4 levels left

Res.Fire  : . . .   See Invis. : +   f - -1,+0 dagger (curse)
Res.Cold  : . . .   Warding    : .   a - +0 robe
Life Prot.: . . .   Conserve   : .   (no shield)
Res.Poison: .       Res.Corr.  : .   (no helmet)
Res.Elec. : .       Clarity    : .   (no cloak)
Sust.Abil.: . .     Spirit.Shd : .   (no gloves)
Res.Mut.  : .       Stasis     : .   (no boots)
Res.Rott. : .       Flight     : .   (no amulet)
Saprovore : . . .                    (no ring)
                                     m - +1 ring of strength

@: regenerating quickly, invisible, slightly resistant to hostile enchantments,
stealthy
A: fangs 3, see invisible, unbreathing
a: no special abilities


You were on level 3 of the Dungeon.
You were very full.

You visited 1 branch of the dungeon, and saw 3 of its levels.

You collected 155 gold pieces.

Inventory:

Hand weapons
 f - a cursed -1,+0 dagger (weapon)
 s - a +2,+1 elven short sword
Armour
 a - a +0 robe (worn)
Magical devices
 b - a wand of fireball (2)
 t - a wand of fireball (5)
Scrolls
 e - a scroll of enchant armour {unknown}
 g - 2 scrolls of curse armour {unknown}
 h - a scroll of blinking {unknown}
 i - a scroll of fog {unknown}
 k - a scroll of teleportation {unknown}
 l - 5 scrolls of identify {unknown}
 o - a scroll of fear {unknown}
 p - a scroll of remove curse {unknown}
Jewellery
 m - a +1 ring of strength (left hand)
Potions
 d - a potion of curing {unknown}
 j - 3 potions of might {unknown}
 n - a potion of blood
 r - a potion of mutation
Books
 c - a book of Conjurations

   Spells                             Type                      Level
   *Magic Dart                        Conjuration                  1
   *Searing Ray                       Conjuration                  2
   Dazzling Spray                     Conjuration/Hexes            3
   Iskenderun's Mystic Blast          Conjuration                  4
   Iskenderun's Battlesphere          Conjuration/Charms           4
   Fulminant Prism                    Conjuration/Hexes            5


   Skills:
 - Level 2.1 Dodging
 - Level 3.0 Stealth
 + Level 2.3 Spellcasting
 * Level 4.1 Conjurations


You had 4 spell levels left.
You knew the following spells:

 Your Spells              Type           Power        Failure   Level  Hunger
a - Magic Dart            Conj           ###.         3%          1    #......
s - Searing Ray           Conj           ###...       6%          2    ##.....


Dungeon Overview and Level Annotations

Branches:
Dungeon (3/27)

Altars:
Kikubaaqudgha

Annotations:
D:3 Grinder


Innate Abilities, Weirdness & Mutations

Your natural rate of healing is unusually fast.
You have razor-sharp teeth.*
You have supernaturally acute eyesight.
You can survive without breathing.*


Message History

The searing ray hits Grinder.
Grinder is severely wounded.
Grinder hits you but does no damage.
The searing ray hits Grinder.
Grinder is almost dead.
Grinder barely misses you.
The searing ray hits Grinder.
Grinder is almost dead.
Grinder hits you!
Drink which item? (? for menu, Esc to quit)
You feel extremely strange.
You feel less energetic.
You feel more energetic.
Your body decomposes!
* * * LOW HITPOINT WARNING * * *
It was a potion of mutation.
Grinder gestures at you. You resist.
Drink which item? (? for menu, Esc to quit)
You fade into invisibility!
It was a potion of invisibility.
Grinder hits you!
You die...

#.# #.##....#.#
#..
#.###.##....#.##
#..
#...........%..#
#..
#####.##....#..#
#.. #.##....#..#
#.. #.#######..#
#.. ## #####<#
#..# ###
....##...####
#..#
.........5@.#
#..# ###
?...##...##.#
#..# #.. .
#...##.######..#
#..
#...##.#.......#
#..
###......####.##
#.. #....).# #.#
#.. #......# #.#
#..
########......#
#.# #..
#.............#
#.# #..


You could see Grinder.

Vanquished Creatures
  An adder (D:2)
  3 gnolls (D:3)
  A giant mite (D:1)
  A worm (D:3)
  A giant gecko (D:2)
  4 giant cockroaches
  6 goblins
  7 hobgoblins
  12 bats
  4 giant newts
  9 jackals
  7 kobolds
  11 rats
  A plant (D:2)
68 creatures vanquished.

Notes
Turn   | Place    | Note
--------------------------------------------------------------
     0 | D:1      | PolkaDot, the Vampire Conjurer, began the quest for the Orb.
     0 | D:1      | Reached XP level 1. HP: 13/13 MP: 4/4
   273 | D:1      | Reached XP level 2. HP: 19/19 MP: 2/5
   505 | D:1      | Learned a level 2 spell: Searing Ray
   951 | D:1      | Reached XP level 3. HP: 24/24 MP: 5/7
  1410 | D:2      | Found an ancient bone altar of Kikubaaqudgha.
  2211 | D:3      | Reached XP level 4. HP: 28/30 MP: 1/9
  2255 | D:3      | Reached skill level 4 in Conjurations
  2808 | D:3      | Noticed Grinder
  2812 | D:3      | Paralysed by Grinder for 6 turns
  2827 | D:3      | Gained mutation: Your magical capacity is low (-10% MP). [potion of mutation]
  2827 | D:3      | Lost mutation: Your magical capacity is low (-10% MP). [potion of mutation]
  2828 | D:3      | Slain by Grinder

Action                   |  1- 3 |  4- 6 || total
-------------------------+-------+-------++-------
Melee: Unarmed           |     4 |       ||     4
       Dagger            |   174 |       ||   174
 Cast: Magic Dart        |    76 |    25 ||   101
       Searing Ray       |     2 |     4 ||     6
Evoke: Wand              |       |     1 ||     1
  Use: Potion            |       |     2 ||     2
